 Dungeon Sprint DCSS version 0.23.0 (webtiles) character file.

Game seed: 8310913668008663025

4000000 Fang the Conqueror (level 20, -10/197 HPs)
             Began as a Demonspawn Gladiator on Feb 11, 2019.
             Was the Champion of Makhleb.
             Mangled by a destroyer
             ... wielding a +9 great sword of slicing
              (28 damage)
             ... in the Dungeon (Sprint VIII: "Arena of Blood").
             The game lasted 00:00:31 (40 turns).

Fang the Conqueror (Demonspawn Gladiator)             Turns: 40, Time: 00:00:32

Health: -10/197    AC:  5    Str: 24    XL:     20   Next: 97%
Magic:  44/44      EV: 39    Int: 10    God:    Makhleb [******]
Gold:   0          SH:  0    Dex: 19    Spells: 59/59 levels left

rFire    . . .     SeeInvis .   l - +∞ Axe of Woe
rCold    . . .     Gourm    .   (shield currently unavailable)
rNeg     + . .     Faith    .   b - +0 leather armour
rPois    .         Spirit   .   (helmet unavailable)
rElec    .         Reflect  .   (no cloak)
rCorr    .         Harm     .   (gloves unavailable)
MR       +....     NoTele   +   (boots unavailable)
Stlth    +++++++++.             (no amulet)
HPRegen  0.42/turn              (no ring)
MPRegen  0.29/turn              (no ring)

@: agile
A: claws 3, hooves 3, horns 3, demonic guardian 1, negative energy resistance 1,
powered by pain 3, 50% torment resistance
a: Minor Destruction, Lesser Servant of Makhleb, Major Destruction, Greater
Servant of Makhleb, Renounce Religion


You were in the Dungeon.
You worshipped Makhleb.
Makhleb was exalted by your worship.
You were not hungry.

You visited 1 branch

Inventory:

Hand Weapons
 a - a +0 war axe
 l - the +∞ Axe of Woe (weapon)
   (You found it in the Dungeon)
Missiles
 d - 3 throwing nets (quivered)
Armour
 b - a +0 leather armour (worn)
 c - a +0 helmet
Scrolls
 k - a scroll of blinking
Potions
 e - a potion of curing
 g - a potion of heal wounds
 h - a potion of haste
 i - 2 potions of magic
 j - a potion of berserk rage
Comestibles
 f - a ration


   Skills:
 O Level 27 Fighting
 O Level 27 Axes
 O Level 27 Throwing
 + Level 20.4 Armour
 O Level 27 Dodging
 + Level 21.9 Stealth
 + Level 20.4 Unarmed Combat
 + Level 20.4 Spellcasting
 + Level 26.9 Invocations


You had 59 spell levels left.
You didn't know any spells.
Your spell library was empty.

Dungeon Overview and Level Annotations

Branches:
Dungeon (1/1)

Altars:
Makhleb


Innate Abilities, Weirdness & Mutations

You have claws for hands.
You have hooves in place of feet.
You have a pair of large horns on your head.
A weak demonic guardian rushes to your aid.
You resist negative energy. (rN+)
You are powered by pain.
You are somewhat able to resist unholy torments (1 in 2 success).


Message History

Your Stealth skill increases to level 21!
Your Unarmed Combat skill increases to level 20!
Your Spellcasting skill increases to level 20!
Your Invocations skill increases to level 26!
You are engulfed in blazing flames.
You hear a shout! x4
The meat berserker rages.
You hear a shout!
A meat berserker comes into view. It is wielding a +9 battleaxe.
You hear a shout!
The meat berserker is engulfed in blazing flames.
The meat berserker rages.
You hear a shout! x5
The meat berserker is engulfed in blazing flames.
The meat berserker rages.
The destroyer hits you with a +9 great sword of slicing!!!!!
Ouch! That really hurt!
* * * LOW HITPOINT WARNING * * *
You focus on the pain.
You feel your power returning.
You die...

....... .........
#...... #.......#
...#... #.......# .
#......###.......###..
.....o......###......
....#o...o..._......
..#....o.)#.....#
..o..OV@5.#_.<._#
..#....§§§#..%).#...
....#..§)O☼§)_.......
.......§§§§°###......
.......###§§.....###..
....... #.......# .
..O.... #...o...#
#...... .....%....
#.#.. ...........


You could see a destroyer, 3 meat berserkers, 6 bags of meat and a friendly
shadow imp.

Vanquished Creatures
  3 ogres (D)
  2 two-headed ogres (D)
  21 orcs (D)
26 creatures vanquished.

Notes
Turn   | Place    | Note
-------+----------+-------------------------------------------
     0 | D        | Found the +∞ Axe of Woe
     0 | D        | Fang the Demonspawn Gladiator began the quest for the Orb.
     0 | D        | Reached XP level 1. HP: 16/16 MP: 1/1
     4 | D        | Became a worshipper of Makhleb the Destroyer
     5 | D        | Noticed a bag of meat
     6 | D        | Noticed a bag of meat
     7 | D        | Noticed a bag of meat
    12 | D        | Killed a bag of meat
    12 | D        | Gained mutation: You have a pair of small horns on your
                  | head. [demonic ancestry]
    12 | D        | Reached XP level 2. HP: 43/43 MP: 2/2
    12 | D        | Gained mutation: You sometimes gain a little power by
                  | taking damage. [demonic ancestry]
    12 | D        | Reached XP level 3. HP: 49/49 MP: 3/3
    12 | D        | Reached XP level 4. HP: 56/56 MP: 4/4
    12 | D        | Gained mutation: You have large cloven feet. [demonic
                  | ancestry]
    12 | D        | Reached XP level 5. HP: 62/62 MP: 5/5
    12 | D        | Reached XP level 6. HP: 69/69 MP: 6/6
    12 | D        | Gained mutation: You have hoof-like feet. [demonic
                  | ancestry]
    12 | D        | Reached XP level 7. HP: 75/75 MP: 7/7
    12 | D        | Gained mutation: You have a pair of horns on your head.
                  | [demonic ancestry]
    12 | D        | Reached XP level 8. HP: 82/82 MP: 8/8
    12 | D        | Reached XP level 9. HP: 88/88 MP: 9/9
    12 | D        | Gained mutation: You sometimes gain power by taking damage.
                  | [demonic ancestry]
    12 | D        | Reached XP level 10. HP: 95/95 MP: 10/10
    12 | D        | Gained mutation: You are powered by pain. [demonic
                  | ancestry]
    12 | D        | Reached XP level 11. HP: 101/101 MP: 11/11
    12 | D        | Noticed a bag of meat
    13 | D        | Killed a bag of meat
    13 | D        | Reached * piety under Makhleb
    13 | D        | Reached skill level 15 in Axes
    13 | D        | Reached skill level 15 in Throwing
    13 | D        | Reached skill level 15 in Dodging
    13 | D        | Gained mutation: A weak demonic guardian rushes to your
                  | aid. [demonic ancestry]
    13 | D        | Reached XP level 12. HP: 113/113 MP: 12/12
    14 | D        | Killed a bag of meat
    14 | D        | Gained mutation: You have sharp fingernails. [demonic
                  | ancestry]
    14 | D        | Reached XP level 13. HP: 122/122 MP: 13/13
    16 | D        | Killed a bag of meat
    16 | D        | Gained mutation: You resist negative energy. (rN+) [demonic
                  | ancestry]
    16 | D        | Reached XP level 14. HP: 133/133 MP: 14/14
    17 | D        | Noticed a bag of meat
    18 | D        | Noticed a bag of meat
    18 | D        | Noticed a meat berserker
    19 | D        | Noticed a bag of meat
    19 | D        | Noticed a bag of meat
    19 | D        | Noticed a bag of meat
    19 | D        | Noticed a bag of meat
    20 | D        | Noticed a bag of meat
    20 | D        | Noticed a large bag of meat
    20 | D        | Noticed a bag of meat
    21 | D        | Killed a bag of meat
    21 | D        | Reached ** piety under Makhleb
    21 | D        | Noticed a bag of meat
    22 | D        | Noticed a meat berserker
    22 | D        | Noticed a bag of meat
    22 | D        | Noticed a bag of meat
    23 | D        | Killed a meat berserker
    23 | D        | Gained mutation: You are somewhat able to resist unholy
                  | torments (1 in 2 success). [demonic ancestry]
    23 | D        | Reached XP level 15. HP: 146/146 MP: 15/15
    25 | D        | Reached *** piety under Makhleb
    25 | D        | Gained mutation: You have a pair of large horns on your
                  | head. [demonic ancestry]
    25 | D        | Reached XP level 16. HP: 157/157 MP: 16/16
    26 | D        | Reached **** piety under Makhleb
    26 | D        | Reached XP level 17. HP: 169/169 MP: 17/17
    28 | D        | Killed a meat berserker
    28 | D        | Reached skill level 27 in Fighting
    28 | D        | Gained mutation: You have very sharp fingernails. [demonic
                  | ancestry]
    28 | D        | Reached XP level 18. HP: 182/182 MP: 18/18
    28 | D        | Killed a large bag of meat
    28 | D        | Reached ***** piety under Makhleb
    28 | D        | Reached skill level 27 in Axes
    28 | D        | Reached skill level 27 in Throwing
    28 | D        | Reached skill level 27 in Dodging
    28 | D        | Reached skill level 5 in Armour
    28 | D        | Reached skill level 5 in Unarmed Combat
    28 | D        | Reached skill level 5 in Spellcasting
    30 | D        | Noticed a large bag of meat
    31 | D        | Reached skill level 10 in Armour
    31 | D        | Reached skill level 10 in Unarmed Combat
    31 | D        | Reached skill level 10 in Spellcasting
    31 | D        | Gained mutation: You have claws for hands. [demonic
                  | ancestry]
    31 | D        | Reached XP level 19. HP: 189/189 MP: 30/34
    31 | D        | Noticed a meat berserker
    32 | D        | Reached skill level 15 in Stealth
    32 | D        | Reached skill level 15 in Armour
    32 | D        | Reached skill level 15 in Unarmed Combat
    32 | D        | Reached skill level 15 in Spellcasting
    33 | D        | Reached ****** piety under Makhleb
    34 | D        | Noticed a meat berserker
    35 | D        | Noticed a destroyer
    35 | D        | Gained mutation: You have hooves in place of feet. [demonic
                  | ancestry]
    35 | D        | Reached XP level 20. HP: 197/197 MP: 30/41
    36 | D        | Noticed a meat berserker
    38 | D        | Killed a meat berserker
    39 | D        | Killed a large bag of meat
    39 | D        | Noticed a meat berserker
    40 | D        | Mangled by a destroyer

Skill      XL: |  1  2  3  4  5  6  7  8  9 10 11 12 13 14 15 16 17 18 19 20 |
---------------+-------------------------------------------------------------+-----
Fighting       | 14 16 18 19 22 23 25 27 | 27.0
Axes           | 13 15 17 18 20 22 23 26 27 | 27.0
Throwing       | 13 15 16 18 20 21 23 26 27 | 27.0
Dodging        | 13 15 17 18 20 22 23 26 27 | 27.0
Armour         | 11 17 20 | 20.4
Stealth        | 12 18 21 | 21.9
Unarmed Combat | 11 17 20 | 20.4
Spellcasting   | 11 17 20 | 20.4
Invocations    | 16 22 26 | 26.9

Action                   |  1- 3 |  4- 6 |  7- 9 | 10-12 | 13-15 | 16-18 | 19-21 || total
-------------------------+-------+-------+-------+-------+-------+-------+-------++-------
Melee: Executioner's axe |     1 |       |       |     2 |     5 |     5 |     6 ||    19
Dodge: Dodged            |       |       |       |       |       |     1 |       ||     1
